 Dungeon Crawl Stone Soup version 0.19.3-1-g3169bf9 (webtiles) character file.

2840 esteth the Thaumaturge (level 9, -3/45 HPs)
             Began as a Deep Elf Fire Elementalist on Jan 26, 2017.
             Killed from afar by Erica (22 damage)
             ... with an orb of energy
             ... on level 7 of the Dungeon.
             The game lasted 00:26:05 (8405 turns).

esteth the Thaumaturge (Deep Elf Fire Elementalist) Turns: 8405, Time: 00:26:05

Health: -3/45      AC:  8    Str: 11    XL:     9   Next: 46%
Magic:  12/27      EV: 13    Int: 26    God:
Gold:   339        SH:  0    Dex: 15    Spells: 4 memorised, 20 levels left

rFire  . . .     SeeInvis .     E - +1 whip (freeze)
rCold  . . .     Gourm    .     a - +1 robe
rNeg   . . .     Faith    .     (no shield)
rPois  .         Spirit   .     (no helmet)
rElec  .         Reflect  +     i - +1 cloak
rCorr  .         Harm     .     B - +1 pair of gloves
MR     .....                    t - +0 pair of boots
Stlth  +.........               p - +5 amulet of reflection
                                r - +2 ring of intelligence
                                C - +6 ring of strength

@: confused
A: no striking features
a: no special abilities


You were on level 7 of the Dungeon.
You were not hungry.

You visited 2 branches of the dungeon, and saw 9 of its levels.

You collected 339 gold pieces.

Inventory:

Hand Weapons
 E - a +1 whip of freezing (weapon)
Armour
 a - a +1 robe (worn)
 i - a +1 cloak (worn)
 t - a +0 pair of boots (worn)
 u - a +0 pair of gloves
 B - a +1 pair of gloves (worn)
 D - a +0 ring mail
Jewellery
 d - an uncursed ring of stealth
 j - an uncursed ring of protection from magic
 k - an uncursed ring of protection from cold
 o - an uncursed ring of poison resistance
 p - a +5 amulet of reflection (around neck)
 r - a +2 ring of intelligence (right hand)
 C - a +6 ring of strength (left hand)
Wands
 w - a wand of flame (24/48)
 x - a wand of flame (14/48)
 H - a wand of lightning (10/15)
Scrolls
 e - 3 scrolls of remove curse
 v - 2 scrolls of magic mapping
 G - a scroll of identify
Potions
 f - 2 potions of magic
 h - 3 potions of curing {unknown}
 m - a potion of haste {unknown}
 n - a potion of berserk rage {unknown}
 q - 6 potions of flight {unknown}
 s - a potion of heal wounds {unknown}
 z - a potion of resistance {unknown}
 A - a potion of beneficial mutation {unknown}
Books
 b - a book of Flames

   Spells                             Type                      Level
   a - Flame Tongue                   Conjuration/Fire             1
   b - Throw Flame                    Conjuration/Fire             2
   c - Conjure Flame                  Conjuration/Fire             3
   d - Inner Flame                    Hexes/Fire                   3
   e - Sticky Flame                   Conjuration/Fire             4
   f - Fireball                       Conjuration/Fire             5
 y - a book of Callings

   Spells                             Type                      Level
   a - Summon Small Mammal            Summoning                    1
   b - Call Imp                       Summoning                    2
   c - Call Canine Familiar           Summoning                    3
   d - Summon Guardian Golem          Hexes/Summoning              3
   e - Summon Lightning Spire         Summoning/Air                4
   f - Summon Ice Beast               Ice/Summoning                4
Comestibles
 c - 5 bread rations
 g - a royal jelly
 l - 2 meat rations
 F - a slice of pizza
 I - 2 chunks of flesh


   Skills:
 - Level 2.4 Dodging
 - Level 2.4 Stealth
 + Level 12.0 Spellcasting
 - Level 7.0 Conjurations
 - Level 8.2 Fire Magic


You had 20 spell levels left.
You knew the following spells:

 Your Spells              Type           Power        Failure   Level  Hunger
a - Flame Tongue          Conj/Fire      #####        1%          1    None
b - Sticky Flame          Conj/Fire      ######..     1%          4    None
c - Fireball              Conj/Fire      ######....   6%          5    ###....
d - Call Imp              Summ           ###.....     6%          2    None


Dungeon Overview and Level Annotations

Branches:
Dungeon (8/15)             Temple (1/1) D:7
   Lair: D:8-11

Altars:
Ashenzari
Cheibriados
Dithmenos
Elyvilon
Fedhas
Hepliaklqana
Kikubaaqudgha
Makhleb
Nemelex Xobeh
Okawaru
Qazlal
Ru
Sif Muna
Trog
Uskayaw
Xom
Yredelemnul
Zin
The Shining One

Annotations:
D:8 Erica


Message History

You kill the shadow imp!
You hear some strange, mumbled words.
Something tries to affect you, but you resist.
Your white imp closely misses something.
Casting: Flame Tongue
Confirm with . or Enter, or press ? or * to list all spells.
A beastly little devil appears in a puff of frigid air.
You hear some strange, mumbled words.
You are confused.
Your white imp hits something.
Your white imp freezes something.
Your shadow imp hits something.
You bump into the rock wall.
Something hits you. Something burns you.
Your white imp misses something.
Your white imp barely misses something.
You're too confused to cast spells.
You're too confused to cast spells.
You hear some strange, mumbled words.
An orb of energy appears from out of thin air!
The orb of energy hits you!
You die...

# ### ## ##########.#
.####..........#######
.#....####....#......#
.#.#### ##.####..>...#
...######............#
...........####.@....#
.#####.##..#55{......#
.# #.#.....##......#
.# #...#.###########
.# #..#>.# .# #....##
(# ###..### .###....#
.#.....######


You could see 2 friendly white imps.

Vanquished Creatures
  Pikel (D:6)
  5 yaks (D:5)
  4 slaves (D:6)
  An ice beast (D:6)
  2 sky beasts
  An ogre (D:4)
  A centaur (D:5)
  A big kobold (D:7)
  4 scorpions (D:7)
  A howler monkey (D:7)
  A bullfrog zombie (D:5)
  4 hounds
  2 centaur skeletons
  3 orc priests
  An iguana (D:6)
  7 orc wizards
  3 worker ants
  Robin (D:4)
  4 gnolls (D:5)
  5 adders
  2 shadow imps
  An ooze (D:3)
  An adder skeleton (D:6)
  3 worms
  5 dart slugs
  10 leopard geckos
  34 orcs
  2 ball pythons
  6 giant cockroaches
  11 goblins
  17 hobgoblins
  11 jackals
  A quokka (D:8)
  10 bats
  4 frilled lizards
  A giant cockroach zombie (D:6)
  14 kobolds
  A leopard gecko skeleton (D:4)
  A quokka zombie (D:5)
  6 rats
193 creatures vanquished.

Vanquished Creatures (collateral kills)
  2 orcs (D:8)
2 creatures vanquished.

Vanquished Creatures (others)
  A kobold (D:3)
  5 fungi (D:7)
6 creatures vanquished.

Grand Total: 201 creatures vanquished

Notes
Turn   | Place    | Note
-------+----------+-------------------------------------------
     0 | D:1      | esteth the Deep Elf Fire Elementalist began the quest for the Orb.
     0 | D:1      | Reached XP level 1. HP: 10/10 MP: 6/6
   292 | D:1      | Reached XP level 2. HP: 15/15 MP: 5/8
   948 | D:1      | Reached XP level 3. HP: 19/19 MP: 5/9
  1150 | D:2      | Found a faded altar of an unknown god.
  1781 | D:3      | Reached XP level 4. HP: 23/24 MP: 5/10
  1849 | D:3      | Learned a level 4 spell: Sticky Flame
  2625 | D:3      | Found a stormy altar of Qazlal.
  2653 | D:3      | Found a sparkling altar of Nemelex Xobeh.
  2666 | D:3      | Reached XP level 5. HP: 28/28 MP: 4/11
  2872 | D:4      | Noticed an ogre
  2876 | D:4      | Killed an ogre
  2876 | D:4      | Reached skill level 5 in Fire Magic
  3176 | D:4      | Learned a level 5 spell: Fireball
  3193 | D:4      | Reached XP level 6. HP: 18/32 MP: 0/12
  3726 | D:4      | Noticed Robin
  3736 | D:4      | Killed Robin
  3736 | D:4      | Reached skill level 5 in Conjurations
  4362 | D:5      | Entered Level 5 of the Dungeon
  4429 | D:5      | Found a hide-covered altar of Uskayaw.
  4442 | D:5      | Found a blossoming altar of Fedhas.
  4455 | D:5      | Noticed a sky beast
  4462 | D:5      | Killed a sky beast
  4627 | D:5      | Reached XP level 7. HP: 27/36 MP: 0/13
  5150 | D:5      | Found an ancient bone altar of Kikubaaqudgha.
  5312 | D:5      | Noticed a yak
  5312 | D:5      | Noticed a yak
  5312 | D:5      | Noticed a yak
  5312 | D:5      | Noticed a yak
  5338 | D:5      | Killed a yak
  5359 | D:5      | Killed a yak
  5359 | D:5      | Reached XP level 8. HP: 18/41 MP: 1/14
  5562 | D:5      | Reached skill level 4 in Spellcasting
  5579 | D:5      | Reached skill level 6 in Spellcasting
  5599 | D:5      | Reached skill level 7 in Spellcasting
  6246 | D:5      | Reached skill level 8 in Spellcasting
  6628 | D:6      | Noticed Pikel
  6646 | D:6      | Killed Pikel
  6646 | D:6      | Reached skill level 10 in Spellcasting
  6646 | D:6      | Reached XP level 9. HP: 39/45 MP: 1/25
  7463 | D:7      | Reached skill level 11 in Spellcasting
  7542 | D:7      | Learned a level 2 spell: Call Imp
  7688 | D:7      | Found a staircase to the Ecumenical Temple.
  7694 | Temple   | Entered the Ecumenical Temple
  8281 | D:8      | Reached skill level 12 in Spellcasting
  8382 | D:8      | Noticed Erica
  8405 | D:7      | Killed from afar by Erica

Skill      XL: |  1  2  3  4  5  6  7  8  9 |
---------------+----------------------------+-----
Conjurations   | 2 3 4 6 7 |  7.0
Fire Magic     | 4 6 8 |  8.2
Spellcasting   | 10 12 | 12.0
Dodging        | |  2.4
Stealth        | |  2.4

Action                   |  1- 3 |  4- 6 |  7- 9 || total
-------------------------+-------+-------+-------++-------
Melee: Unarmed           |       |     1 |    15 ||    16
       Whip              |       |       |     1 ||     1
 Cast: Flame Tongue      |    83 |   143 |   175 ||   401
       Sticky Flame      |       |     2 |    23 ||    25
       Call Imp          |       |       |     8 ||     8
  Use: Scroll            |     4 |     4 |     6 ||    14
       Potion            |       |     1 |       ||     1
  Eat: Chunk             |     2 |     8 |    14 ||    24
Armor: Robe              |    10 |    18 |    38 ||    66
Dodge: Dodged            |    18 |    42 |    69 ||   129
Block: Other             |       |       |    19 ||    19
       Reflection        |       |       |     1 ||     1
